 Dungeon Crawl Stone Soup version 0.31.0-12-g77e489cdc1 (webtiles) character file.

Game seed: 8927854175372027433

104 PriceMaster the Covered (level 4, -4/40 HPs)
             Began as a Minotaur Fighter on Feb 18, 2024.
             Was a High Priest of Ignis.
             Succumbed to an orc wizard's poison
             ... on level 3 of the Dungeon.
             The game lasted 00:02:07 (1382 turns).

PriceMaster the Covered (Minotaur Fighter)          Turns: 1382, Time: 00:02:08

Health: -4/40      AC: 11    Str: 20 (23) XL:     4   Next: 52%
Magic:  3/3        EV:  9    Int:  3 (5)  God:    Ignis [*****.]
Gold:   125        SH:  4    Dex:  8 (9)  Spells: 3/3 levels left

rFire   + + .        a - +0 long sword
rCold   + . .        c - +0 buckler
rNeg    . . .        b - +0 scale mail
rPois   +            (helmet unavailable)
rElec   +            (no cloak)
rCorr   +            (no gloves)
SInv    .            (no boots)
Will    .....        (no amulet) Stlth
                     f - +4 ring of protection
HPRegen 0.26/turn    (no ring)
MPRegen 0.08/turn

%: random rage (3%)
@: lethally poisoned (-4 -> -26), resistant, invisible
A: horns 3, retaliatory headbutt, berserk 1
a: Renounce Religion, Fiery Armour, Foxfire Swarm, Rising Flame


You were on level 3 of the Dungeon.
You worshipped Ignis.
Ignis was extremely pleased with you.
You visited 1 branch of the dungeon, and saw 3 of its levels.

You collected 125 gold pieces.

Inventory:

Hand Weapons
 a - a +0 long sword (weapon)
Armour
 b - a +0 scale mail (worn)
 c - a +0 buckler (worn)
Jewellery
 f - a +4 ring of protection (left hand)
Scrolls
 h - 2 scrolls of identify {unknown}
 i - 2 scrolls of poison {unknown}
 k - a scroll of amnesia {unknown}
Potions
 d - a potion of resistance
 j - a potion of degeneration
 l - a potion of haste {unknown}
 m - a potion of curing {unknown}
 n - 2 potions of cancellation {unknown}


   Skills:
 + Level 4.1 Fighting
 + Level 3.8 Long Blades
 + Level 4.5 Armour
 + Level 1.0 Dodging
 + Level 4.2 Shields


You had 3 spell levels left.
You didn't know any spells.
Your spell library contained the following spells:

 Spells                   Type           Power      Damage    Failure   Level
 Kiss of Death            Conj/Necr      0%         2d5       90%         1
 Sting                    Conj/Alch      0%         1d3       90%         1
 Ensorcelled Hibernation  Hex/Ice        0%         N/A       97%         2
 Mercury Vapours          Alch/Air       0%         N/A       97%         2
 Scorch                   Fire           0%         2d5       97%         2
 Confusing Touch          Hex            0%         N/A       99%         3
 Passwall                 Erth           0%         N/A       99%         3
 Swiftness                Air            0%         N/A       99%         3
 Dispel Undead            Necr           0%         3d6       100%        4
 Flame Wave               Conj/Fire      0%         2d4       100%        4
 Olgreb's Toxic Radiance  Alch           0%         N/A       100%        4
 Summon Cactus Giant      Summ           0%         N/A       100%        6


Dungeon Overview and Level Annotations

Branches:
Dungeon (3/15)

Altars:
Ignis

Shops:
D:2 [


Innate Abilities, Weirdness & Mutations

You have a pair of large horns on your head.
You reflexively headbutt those who attack you in melee.
You sometimes lose your temper in combat.


Message History

You feel very sick. Something hits you but does no damage.
The orc hits you but does no damage. The endoplasm barely misses you.
You miss something.
You feel sick. Something hits you.
You are more poisoned.
The endoplasm freezes you.
You are frozen.
The orc hits you but does no damage.
You hit something.
You feel very sick. Something hits you but does no damage.
You are lethally poisoned!
The endoplasm hits you but does no damage.
The orc closely misses you.
The endoplasm hits you but does no damage.
You block the orc's attack. Something hits you.
You are more poisoned.
It was a potion of resistance.
You feel protected.
* * * LOW HITPOINT WARNING * * *
You feel extremely sick. Something hits you but does no damage.
The orc misses you. The endoplasm closely misses you.
It was a potion of invisibility.
You fade into invisibility!
* * * LOW HITPOINT WARNING * * *
You feel very sick. Something hits you but does no damage.
You are more poisoned.
The orc closely misses you. The endoplasm barely misses you.
It was a potion of mutation.
You feel extremely strange.
You feel a little pissed off. The horns on your head grow some more.
* * * LOW HITPOINT WARNING * * *
You feel extremely sick. Something hits you but does no damage.
The orc misses you. The endoplasm freezes you. You resist.
It was a potion of degeneration.
There was something very wrong with that liquid.
You feel weakened.
You feel dopey.
You feel clumsy.
You die...

.# #.#### . ... ..
#.#..# ##.##.. ..#
#.#..# .......
#.#.#..).# #..#..
#.#.#..... .....
#.#..<#.#. ..g##
#.###.#.#. #J{#
#.......#. #o@##
#####.###. #...##
#.#.###.
#?#..#######.....#.
#.##.##........#.#.
#. #..#........#.##
#. ##.#........#.#.
#. #.######.#.#.#.
#. #....# #...#.#.
.. ####.#######...


You could see an orc (unable to see you), an endoplasm and a goblin (unable to
see you).

Vanquished Creatures
  2 adders (D:2)
  3 dart slugs
  3 ribbon worms
  3 orcs (D:3)
  3 bats
  8 endoplasms
  A giant cockroach (D:1)
  9 goblins
  4 hobgoblins
  5 jackals
  2 quokkas
  5 ball pythons
  3 frilled lizards
  7 kobolds
  7 rats
65 creatures vanquished.

Notes
Turn   | Place    | Note
-------+----------+-------------------------------------------
     0 | D:1      | PriceMaster the Minotaur Fighter began the quest for the
                  | Orb.
     0 | D:1      | Reached XP level 1. HP: 19/19 MP: 0/0
   132 | D:1      | Reached XP level 2. HP: 22/27 MP: 1/1
   326 | D:1      | Reached XP level 3. HP: 29/33 MP: 2/2
   793 | D:2      | Reached XP level 4. HP: 40/40 MP: 3/3
   945 | D:2      | Found a faded altar of an unknown god.
   951 | D:2      | Prayed at the altar of an unknown god.
   951 | D:2      | Became a worshipper of Ignis, the Dying Flame
   984 | D:2      | Found Yxulugeg's Armour Emporium.
  1328 | D:3      | Reached skill level 1 in Dodging
  1381 | D:3      | Gained mutation: You sometimes lose your temper in combat.
                  | [potion of mutation]
  1381 | D:3      | Gained mutation: You have a pair of large horns on your
                  | head. [potion of mutation]
  1381 | D:3      | HP: 1/40 [poisoned by an orc wizard]
  1382 | D:3      | Succumbed to an orc wizard's poison

Illustrated notes

Levels and vault maps discovered:
D:1:      dpeg_arrival_rooms_a, layout_rooms
D:2:      layout_loops_ring, serial_shops, shop,
          shapermc_ecumenical_altar_mp_urbaneastern
D:3:      layout_basic

Skill      XL: |  1  2  3  4 |
---------------+-------------+-----
Shields        | 4 |  4.2
Armour         | 4 |  4.5
Long Blades    | 3 |  3.8
Fighting       | 4 |  4.1
Dodging        | 1 |  1.0

Action                     |  1- 3 |  4- 6 || total
---------------------------+-------+-------++-------
  Melee: Long sword        |   120 |    53 ||   173
         Headbutt          |    16 |     6 ||    22
    Use: Potion            |     1 |     4 ||     5
 Armour: Scale mail        |   110 |    46 ||   156
  Dodge: Dodged            |    76 |    25 ||   101
  Block: Buckler           |    34 |    12 ||    46
